 Dungeon Crawl Stone Soup version 0.27-a0-1051-g288ea87c7c (webtiles) character file.

Game seed: 6233497161969056286

34 snetch the Chopper (level 3, 0/33 HPs)
             Began as a Hill Orc Monk on Apr 21, 2021.
             Slain by an orc
             ... wielding a +0 dagger
              (1 damage)
             ... on level 3 of the Dungeon.
             The game lasted 00:02:50 (1026 turns).

snetch the Chopper (Hill Orc Monk)                  Turns: 1026, Time: 00:02:51

Health: 0/33       AC:  2    Str: 14    XL:     3   Next: 31%
Magic:  3/3        EV: 16    Int: 10    God:
Gold:   33         SH:  0    Dex: 13    Spells: 2/2 levels left

rFire    . . .     SeeInvis .   a - +0 hand axe
rCold    . . .     Faith    .   (no shield)
rNeg     . . .     Spirit   .   b - +0 robe
rPois    .         Reflect  .   (no helmet)
rElec    .         Harm     .   (no cloak)
rCorr    .         Rampage  .   (no gloves)
Will     .....                  (no boots)
Stlth    ++........             (no amulet)
HPRegen  0.11/turn              e - +4 ring of evasion
MPRegen  0.08/turn              j - ring of flight

@: flying
A: no striking features
a: no special abilities


You were on level 3 of the Dungeon.
You visited 1 branch of the dungeon, and saw 3 of its levels.

You collected 33 gold pieces.

Inventory:

Hand Weapons
 a - a +0 hand axe (weapon)
 f - a +0 spear
Missiles
 c - 37 stones (quivered)
Armour
 b - a +0 robe (worn)
Jewellery
 e - a +4 ring of evasion (left hand)
 j - a ring of flight (right hand)
Scrolls
 d - a scroll of noise {unknown}
 g - a scroll of vulnerability {unknown}
 h - a scroll of identify {unknown}
 l - a scroll of teleportation {unknown}
Potions
 i - a potion of haste
 k - a potion of curing {unknown}


   Skills:
 + Level 4.0 Fighting
 + Level 4.8 Axes
 + Level 2.7 Dodging
 + Level 1.7 Stealth


You had 2 spell levels left.
You didn't know any spells.
Your spell library was empty.

Dungeon Overview and Level Annotations

Branches:
Dungeon (3/15)

Altars:

Shops:
D:2 (


Message History

Unknown command.
You barely miss the orc. You closely miss the orc. You hit the orc.
The orc barely misses you. The orc closely misses you. The orc misses you.
Unknown command.
You closely miss the orc. You barely miss the orc. You closely miss the orc.
The orc hits you but does no damage. x2; The orc misses you.
Unknown command.
You hit the orc but do no damage. x2; You hit the orc.
The orc hits you but does no damage. The orc misses you.
The orc closely misses you. The orc misses you.
Unknown command.
You barely miss the orc. You completely miss the orc. You hit the orc. x2
The orc hits you with a +0 hand axe. The orc barely misses you. x2
The orc hits you with a +0 dagger.
Unknown command.
You barely miss the orc. x2; You closely miss the orc.
You hit the orc.
You kill the orc!
The orc hits you with a +2 short sword of speed.
The orc completely misses you. The orc hits you with a +0 dagger.
The orc hits you with a +2 short sword of speed.
Unknown command.
You slash the orc!
The orc is almost dead.
You completely miss the orc. You hit the orc. The orc closely misses you. x2
The orc hits you with a +0 dagger.
Unknown command.
You hit the orc but do no damage.
The orc is almost dead.
You hit the orc but do no damage. You barely miss the orc.
The orc hits you but does no damage. The orc hits you with a +0 dagger.
* * * LOW HITPOINT WARNING * * *
The orc hits you with a +0 dagger.
* * * LOW HITPOINT WARNING * * *
The orc hits you with a +2 short sword of speed.
* * * LOW HITPOINT WARNING * * *
You hit the orc.
You kill the orc!
You hit the orc but do no damage. You closely miss the orc. The orc misses you.
The orc hits you with a +0 dagger.
You die...

# #...# ##.# #.
####### ##.
#.#...# .##.
#.#.#.##.....
#.........#
####)).<....#
#...o@#####....
#....o# .
#.....# #.....#
#.##### ##


You could see 2 orcs.

Vanquished Creatures
  A dart slug (D:2)
  2 orcs (D:3)
  3 bats
  2 endoplasms (D:1)
  2 giant cockroaches
  A goblin (D:1)
  3 hobgoblins
  2 quokkas (D:1)
  7 ball pythons
  2 kobolds (D:1)
  6 rats
31 creatures vanquished.

Vanquished Creatures (others)
  A plant (D:1)
1 creature vanquished.

Grand Total: 32 creatures vanquished

Notes
Turn   | Place    | Note
-------+----------+-------------------------------------------
     0 | D:1      | snetch the Hill Orc Monk began the quest for the Orb.
     0 | D:1      | Reached XP level 1. HP: 19/19 MP: 1/1
   363 | D:1      | Reached XP level 2. HP: 27/27 MP: 2/2
   827 | D:1      | Reached XP level 3. HP: 28/33 MP: 3/3
   885 | D:2      | Found a faded altar of an unknown god.
   909 | D:2      | Found Zogrisum's Weapon Emporium.
  1025 | D:3      | HP: 1/33 [orc/+2 short sword of speed (6)]
  1026 | D:3      | Slain by an orc

Illustrated notes

Levels and vault maps discovered:
D:1:      pf_arrival_petrified_forest, layout_rooms, serial_forest,
          infiniplex_forest_end_2, infiniplex_forest_lined_room_3,
          infiniplex_forest_straight_2, infiniplex_forest_straight_2,
          infiniplex_forest_lined_2, infiniplex_forest_clump_tiny,
          minmay_crystal_room
D:2:      layout_rooms, basic_ecumenical_altar, serial_shops, shop_statue,
          shop_fountains, shop, shop, uniq_natasha
D:3:      layout_basic, okawaru_altar_gauntlet_db,
          hellmonk_ghost_happy_afterlife, serial_aquarium,
          aquarium_bridge_long_separate [aquarium_subvault_wall,
          aquarium_subvault_bridge, aquarium_subvault_wall,
          aquarium_subvault_wall, aquarium_subvault_balcony,
          aquarium_subvault_bridge], aquarium_bridge_square
          [aquarium_subvault_window, aquarium_subvault_bridge,
          aquarium_subvault_bridge, aquarium_subvault_balcony],
          aquarium_window_1, aquarium_window_fake, aquarium_window_1,
          aquarium_window_corridor_2, aquarium_view_2c, aquarium_view_2f,
          aquarium_pool_1

Skill      XL: |  1  2 |
---------------+-------+-----
Fighting       | 4 |  4.0
Axes           | |  4.8
Dodging        | |  2.7
Stealth        | |  1.7

Action                   || total
-------------------------++-------
Melee: Hand axe          ||    89
 Stab: Sleeping          ||     4
Armor: Robe              ||    20
Dodge: Dodged            ||    97

Table legend: (Time is in decaauts)
 A = Elapsed time spent in this place.
 B = Non-inter-level travel time spent in this place.
 C = Inter-level travel time spent in this place.
 D = Time resting spent in this place.
 E = Time spent auto-exploring this place.
 F = Levels seen in this place.
 G = Mean time per level.
                   A        B        C        D        E       F      G
               +--------+--------+--------+--------+--------+-----+--------+
         Total |   1035 |   1035 |      0 |    114 |    555 |   3 |  345.0 |
       Dungeon |   1035 |   1035 |      0 |    114 |    555 |   3 |  345.0 |
               +--------+--------+--------+--------+--------+-----+--------+

Top non-repeatable levels by time:
     D:1: 869 daAuts
     D:2: 145 daAuts
     D:3: 20 daAuts
